 Dungeon Crawl Stone Soup version 0.17-a0-1583-g2df49ec (webtiles) character file.

260894 HEYYEYAAE the Warrior (level 19, -28/203 HPs)
             Began as a Grey Draconian Berserker on July 28, 2015.
             Was a High Priest of Trog.
             Annihilated by an acid blob (36 damage)
             ... created by the royal jelly
             ... on level 6 of the Pits of Slime.
             The game lasted 02:13:27 (44153 turns).

HEYYEYAAE the Warrior (Grey Draconian Berserker)   Turns: 44153, Time: 02:13:27

Health: -28/203    AC: 11    Str: 29    XL:     19   Next: 18%
Magic:  11/28      EV: 11    Int: 17    God:    Trog [*****.]
Gold:   2873       SH:  0    Dex: 13    Spells: 0 memorised, 18 levels left

rFire  + . .     SeeInvis .     R - +8 triple sword (elec)
rCold  + . .     Clarity  +     (armour unavailable)
rNeg   + . .     SustAt   .     (no shield)
rPois  .         Gourm    .     r - +1 hat
rElec  +         Spirit   .     I - +2 cloak {MR+}
rCorr  .         Warding  .     T - +2 pair of gloves {Str+3}
rMut   +         Stasis   .     k - +0 pair of boots "Lonufia" {Int+8}
MR     ++...                    Z - amulet of resist mutation
Stlth  +.........               D - ring of protection from cold
                                g - ring of positive energy

@: corroded equipment, held, very resistant to hostile enchantments, very
unstealthy
A: walk through water, unfitting armour, agile 1, clarity, fire resistance 1,
regeneration 1, robust 1, electricity resistance, unbreathing, cold-blooded, AC
+15
a: Burn Spellbooks, Berserk, Trog's Hand, Brothers in Arms, Renounce Religion
}: 2/15 runes: decaying, serpentine


You were on level 6 of the Pits of Slime.
You worshipped Trog.
Trog was extremely pleased with you.
You were not hungry.

You visited 7 branches of the dungeon, and saw 44 of its levels.
You also visited: Labyrinth.

You collected 4133 gold pieces.
You spent 1260 gold pieces at shops.

Inventory:

Hand weapons
 u - a +9 antimagic great sword
 B - a +2 great sword of slicing
 C - a +2 triple sword of holy wrath
 R - a +8 triple sword of electrocution (weapon)
Armour
 k - the +0 pair of boots "Lonufia" (worn) {Int+8}
   (You found it on level 6 of the Lair of Beasts)

   It affects your intelligence (+8).
 r - a +1 hat (worn)
 I - a +2 cloak of magic resistance (worn)
 T - a +2 pair of gloves of strength (worn)
Jewellery
 g - a ring of positive energy (left hand)
 w - the ring "Zuihay" {+/*Tele rPois MR+ Int+4 Dex-4}
   (You took it off a minotaur in a labyrinth)

   [ring of teleportation]

   It may teleport you to nearby monsters, and can be evoked to randomly
   teleport.
   It affects your intelligence (+4).
   It affects your dexterity (-4).
   It protects you from poison.
   It affects your resistance to hostile enchantments.
 D - a ring of protection from cold (right hand)
 L - an uncursed ring of protection from fire
 O - an uncursed amulet of faith
 Z - an amulet of resist mutation (around neck)
Magical devices
 i - a wand of cold (7)
 j - a wand of cold (0)
 m - a wand of cold (0)
 n - a wand of draining (2)
 o - a wand of draining (9)
 E - a wand of digging (16)
 F - a wand of draining (2)
 H - a wand of cold (8)
 J - a wand of confusion (1)
 V - a wand of slowing (16)
Scrolls
 c - 15 scrolls of remove curse
 d - 6 scrolls of teleportation
 f - 6 scrolls of recharging
 h - 5 scrolls of enchant armour
 s - a scroll of brand weapon
 z - 3 scrolls of fog
 A - 2 scrolls of magic mapping
 K - a scroll of identify
Potions
 a - a potion of heal wounds
 e - 8 potions of curing
 l - 7 potions of brilliance
 p - 4 potions of cancellation
 v - a potion of invisibility
 y - 4 potions of haste
 M - 5 potions of flight
 S - 2 potions of agility
 W - 3 potions of resistance
 X - 2 potions of might
Miscellaneous
 t - a fan of gales (inert)
 G - a phial of floods (inert)
 N - a sack of spiders {used: 7}
 P - a stone of tremors (inert)
 Q - a sack of spiders {used: 3}
 Y - a lamp of fire
Comestibles
 b - 10 bread rations
 x - 22 meat rations


   Skills:
 * Level 20.0 Fighting
 * Level 18.4 Long Blades
 * Level 17.0 Dodging
 + Level 13.1 Evocations


You had 18 spell levels left.
You didn't know any spells.

Dungeon Overview and Level Annotations

Branches:
Dungeon (15/15)            Temple (0/1) D:4            Lair (8/8) D:10
  Swamp (4/4) Lair:3        Snake (4/4) Lair:3        Slime (6/6) Lair:6
    Orc (4/4) D:9             Elf (3/3) Orc:3        Vaults (0/5) D:14
 Depths (0/5) D:15

Altars:
Ashenzari
Gozag
Nemelex Xobeh
Okawaru
Ru
Sif Muna
Vehumet
Xom
Yredelemnul
Zin
The Shining One
Beogh
Jiyva

Shops:
D:9 (   D:10 [*   D:14 (   Orc:2 *   Orc:4 }(%*   Snake:2 [   Snake:4 :

Portals:
Pandemonium: Orc:4

Annotations:
Slime:6 Royal Jelly
Elf:2 3 runed doors


Innate Abilities, Weirdness & Mutations

You can walk through water.
Your dull iron-grey scales are very hard (AC +15).
Your body does not fit into most forms of armour.
You can survive without breathing.
You are cold-blooded and may be slowed by cold attacks.
You are agile. (Dex +2)
You possess an exceptional clarity of mind.
Your flesh is heat resistant.
Your natural rate of healing is unusually fast.
You are robust (+10% HP).
You are resistant to electric shocks.


Message History

* * * LOW HITPOINT WARNING * * *
You are splashed with acid!
The acid burns!
* * * LOW HITPOINT WARNING * * *
The acid blob spits acid at you. The splash of acid hits you!
The acid corrodes you!
The acid burns!
* * * LOW HITPOINT WARNING * * *
Unknown command.
Unknown command.
Drink which item? (? for menu, Esc to quit)
You feel much better.
Your surroundings suddenly seem different.
You are caught in the web!
The acid blob quivers. x2
The acid blob spits acid at you. The splash of acid hits you!
* * * LOW HITPOINT WARNING * * *
The acid burns!
* * * LOW HITPOINT WARNING * * *
The acid blob hits you!!!
You die...

*#...............,,,,,**,,
#...............,,,,,**,,
###..............,,,,,***,
#................,,,,,**##
###...............,,,,,,#.
#J..............,,,,*,,,
#..#.....J.^.......,,,****
## ##....^..........,,***,
##....@...........,**,,
#.....J............**,,
#.#......^...........**,
#.##...................**
## #....................*
#..#...................
##...##............^...
#..#..................
###*#.................


You could see 2 acid blobs and a jelly (wandering).

Vanquished Creatures
  Norris (Snake:4)
  Nikola (Swamp:3)
  7 acid blobs
  Agnes (D:15)
  A thorn hunter (Swamp:2)
  Frances (D:12)
  5 greater nagas (Snake:4)
  Donald (Swamp:3)
  7 azure jellies
  Louise (D:15)
  A salamander stormcaller (D:15)
  Snorg (Lair:3)
  A death ooze (Slime:4)
  A minotaur (Lab)
  2 fire dragons (D:15)
  6 great orbs of eyes
  Fannar (Lair:2)
  Harold (D:10)
  13 hydras
  17 naga warriors
  Erolcha (D:8)
  2 ice dragons
  Erica (Lair:2)
  2 ghost crabs
  2 alligators
  4 dancing weapons (Elf:2)
  The ghost of cmdexe the Cleaver, an experienced HOFi of the Shining One (D:9)
  4 centaur warriors
  2 tengu warriors (D:14)
  5 orc high priests (Orc:4)
  8 anacondas
  14 naga sharpshooters
  Urug (D:13)
  5 shock serpents
  5 deep elf knights
  3 unseen horrors
  3 salamander mystics
  2 spriggan druids (Swamp:4)
  5 naga ritualists
  2 orc knights
  A shambling mangrove (Swamp:3)
  A deep elf summoner (Elf:2)
  2 torturous demonspawn (Orc:4)
  Pikel (D:7)
  4 hill giants
  8 mana vipers
  8 ugly things
  4 deep elf conjurers
  2 orc sorcerers (Orc:4)
  A sixfirhy (Orc:4)
  2 manticores
  2 hornets
  5 cyclopes
  8 salamanders
  2 wizards
  8 shining eyes
  A griffon (Lair:8)
  A shining eye (shapeshifter) (D:14)
  An octopode (shapeshifter) (Elf:1)
  2 guardian serpents
  Maurice (D:12)
  2 eyes of devastation (Slime:5)
  Joseph (D:7)
  11 naga magi
  3 gargoyles
  31 black mambas
  2 spiny frogs (shapeshifter) (Elf:1)
  24 spiny frogs
  An efreet (D:15)
  3 fire drakes
  6 komodo dragons
  7 deep elf priests
  A hellwing (Orc:4)
  A jumping spider (shapeshifter) (D:14)
  4 freezing wraiths (Swamp:4)
  5 two-headed ogres
  5 trolls
  A blue devil (Orc:4)
  3 giant leeches
  A blink frog (shapeshifter) (D:14)
  115 slime creatures
  35 blink frogs
  4 bog bodies
  A boulder beetle (Lair:7)
  3 shadows
  9 spriggans
  2 tarantellas (shapeshifter)
  53 yaks
  A hungry ghost (D:12)
  12 deep elf fighters
  A centaur simulacrum (D:13)
  4 basilisks
  2 water elementals (D:15)
  A wraith (D:15)
  19 deep elf magi
  5 hippogriffs
  A swamp worm simulacrum (Swamp:4)
  19 vampire mosquitoes
  15 golden eyes
  4 wyverns
  A warg (Orc:3)
  11 water moccasins
  3 mottled dragons
  16 swamp worms
  3 wolves
  9 insubstantial wisps
  39 nagas
  13 hydra simulacra (Swamp:4)
  3 ice beasts
  8 porcupines
  7 swamp drakes
  Duvessa (D:7)
  10 ogres
  30 orc warriors
  2 black bears
  8 spiders (Lair:8)
  A necrophage (D:9)
  2 sky beasts
  15 centaurs
  A phantom (D:9)
  4 eyes of draining
  11 wasps
  9 crocodiles
  6 big kobolds
  Dowan (D:7)
  15 giant frogs
  A wyvern skeleton (D:10)
  6 scorpions
  18 killer bees
  8 wights
  3 electric eels
  7 crimson imps
  2 hounds
  27 jellies
  35 orc wizards
  Crazy Yiuf (D:7)
  39 orc priests
  5 iguanas
  2 centaur skeletons
  2 giant frog skeletons
  9 hell rats (Lair:4)
  A killer bee zombie (D:10)
  20 worker ants
  17 sheep
  A hound skeleton (D:9)
  21 adders
  68 river rats
  9 shadow imps
  2 oozes
  4 swamp drake simulacra (Swamp:4)
  4 worms
  An adder zombie (D:7)
  6 giant geckos
  221 orcs
  5 giant cockroaches
  26 hobgoblins
  4 jackals
  4 quokkas
  2 ball pythons (D:2)
  12 bats
  4 giant newts
  26 goblins
  A jackal skeleton (D:4)
  A jackal zombie (D:8)
  27 kobolds
  A quokka zombie (D:8)
  27 rats
  2 briar patches (Swamp:2)
  A butterfly (D:4)
  2 plants
1539 creatures vanquished.

Vanquished Creatures (collateral kills)
  Vashnia (Snake:2)
  An acid blob (Slime:6)
  2 greater nagas (Snake:4)
  A frost giant (D:13)
  A deep elf sorcerer (Elf:2)
  Aizul (Swamp:1)
  A great orb of eyes (Slime:6)
  A death ooze (Slime:6)
  A deep elf high priest (Elf:1)
  9 hydras
  An anaconda (Snake:4)
  A centaur warrior (D:13)
  An ogre mage (D:15)
  A sun demon (Orc:4)
  An orc high priest (Orc:4)
  6 naga sharpshooters
  3 deep elf knights (Elf:2)
  3 naga ritualists
  A swamp dragon (Swamp:4)
  An infernal demonspawn (Orc:4)
  2 deep elf summoners (Elf:2)
  4 orc knights (Orc:4)
  A shining eye (Slime:1)
  2 deep elf conjurers (Elf:2)
  6 ugly things (D:14)
  A wolf spider (Lair:8)
  3 orc sorcerers (Orc:4)
  A sixfirhy (Orc:4)
  6 slime creatures
  A salamander (Snake:2)
  A cyclops (D:15)
  2 guardian serpents
  2 spiny frogs (Swamp:2)
  A torpor snail (Lair:7)
  4 black mambas
  A naga mage (Snake:4)
  A smoke demon (Orc:4)
  A kobold demonologist (D:13)
  3 deep elf priests
  7 blink frogs
  5 deep elf magi
  3 yaks (Lair:7)
  A ynoxinul (Orc:4)
  8 vampire mosquitoes
  A shadow (D:13)
  A wraith (D:13)
  2 deep elf fighters (Elf:2)
  A hippogriff (shapeshifter) (D:13)
  2 swamp worm simulacra (Swamp:4)
  2 swamp worms (Swamp:4)
  7 nagas (Snake:4)
  10 orc warriors
  A sky beast (D:15)
  A wasp (Swamp:4)
  An eye of draining (Slime:6)
  3 ogres
  A killer bee (D:13)
  3 jellies
  6 orc priests (Orc:4)
  2 river rats (Lair:6)
  A swamp drake simulacrum (Swamp:4)
  2 orcs
  A goblin (Orc:4)
153 creatures vanquished.

Vanquished Creatures (others)
  A spriggan (Swamp:4)
  A spiny frog (Swamp:4)
  A slime creature (Swamp:3)
  A deep elf fighter (Elf:2)
  2 swamp worms
  2 slaves (D:7)
  A wasp (Swamp:4)
  A giant frog (D:7)
  An orc priest (D:7)
  5 orcs
  A bat zombie (D:7)
  A rat (D:4)
  2 butterflies (D:4)
  8 fungi
  5 plants
  5 toadstools (Swamp:2)
38 creatures vanquished.

Grand Total: 1730 creatures vanquished

Notes
Turn   | Place    | Note
--------------------------------------------------------------
     0 | D:1      | HEYYEYAAE the Draconian Berserker began the quest for the Orb.
     0 | D:1      | Reached XP level 1. HP: 19/19 MP: 1/1
    74 | D:1      | Reached XP level 2. HP: 26/26 MP: 2/2
   372 | D:1      | Acquired Trog's second power
   746 | D:2      | Reached skill level 4 in Fighting
   746 | D:2      | Reached XP level 3. HP: 17/33 MP: 3/3
  1157 | D:2      | Reached XP level 4. HP: 30/41 MP: 4/4
  1600 | D:2      | Found a glowing silver altar of Zin.
  2424 | D:3      | Reached skill level 5 in Fighting
  2652 | D:4      | Reached XP level 5. HP: 45/48 MP: 5/5
  2754 | D:4      | Found a staircase to the Ecumenical Temple.
  3198 | D:4      | Reached XP level 6. HP: 54/56 MP: 6/6
  3831 | D:5      | Entered Level 5 of the Dungeon
  4190 | D:5      | Reached skill level 5 in Long Blades
  4307 | D:5      | Found a sparkling altar of Nemelex Xobeh.
  4500 | D:5      | Reached skill level 6 in Fighting
  4605 | D:6      | Your scales start taking on a dull iron-grey colour.
  4605 | D:6      | Gained mutation: You can survive without breathing. [Grey Draconian growth]
  4605 | D:6      | Reached XP level 7. HP: 63/63 MP: 7/7
  4651 | D:6      | Acquired Trog's third power
  4864 | D:6      | Reached skill level 5 in Dodging
  5041 | D:6      | Found an opulent altar of Gozag.
  5230 | D:7      | Reached skill level 7 in Fighting
  5258 | D:7      | Reached skill level 1 in Evocations
  5258 | D:7      | Reached XP level 8. HP: 73/73 MP: 8/8
  5266 | D:7      | Noticed Joseph
  5280 | D:7      | Killed Joseph
  5390 | D:7      | Noticed Crazy Yiuf
  5394 | D:7      | Killed Crazy Yiuf
  5543 | D:7      | Noticed Duvessa
  5552 | D:7      | Killed Duvessa
  5552 | D:7      | Reached skill level 8 in Fighting
  5555 | D:7      | Noticed Dowan
  5557 | D:7      | Reached XP level 9. HP: 64/81 MP: 10/10
  5561 | D:7      | Killed Dowan
  5926 | D:7      | Noticed Pikel
  5936 | D:7      | Killed Pikel
  6057 | D:7      | Found a shimmering altar of Xom.
  6197 | D:8      | Noticed Erolcha
  6211 | D:8      | Killed Erolcha
  6211 | D:8      | Reached skill level 9 in Fighting
  6716 | D:8      | Reached XP level 10. HP: 72/91 MP: 13/13
  7019 | D:9      | Found Atzol's Antique Weapon Shoppe.
  7019 | D:9      | Noticed cmdexe's ghost (experienced HOFi)
  7030 | D:9      | Killed cmdexe's ghost
  7070 | D:9      | Found a basalt altar of Yredelemnul.
  7070 | D:9      | Found a radiant altar of Vehumet.
  7307 | D:9      | Reached skill level 10 in Fighting
  7317 | D:9      | Found a staircase to the Orcish Mines.
  8019 | D:9      | Reached skill level 5 in Evocations
  8052 | D:9      | Noticed a hill giant
  8215 | D:9      | Found an iron altar of Okawaru.
  8296 | D:9      | Killed a hill giant
  8364 | D:9      | Found a shattered altar of Ashenzari.
  8727 | D:10     | Entered Level 10 of the Dungeon
  8874 | D:10     | Reached XP level 11. HP: 99/101 MP: 14/14
  8878 | D:10     | Reached skill level 11 in Fighting
  8920 | D:10     | Noticed Harold
  8938 | D:10     | Killed Harold
  9025 | D:10     | Reached skill level 10 in Long Blades
  9034 | D:10     | Received a gift from Trog
  9116 | D:10     | Noticed a three-headed hydra
  9420 | D:10     | Found Quanin's Antique Armour Shop.
  9478 | D:10     | Found Wacvesit's Assorted Antiques.
  9494 | D:10     | Found a staircase to the Lair.
  9902 | D:10     | Killed a 15-headed hydra
 10933 | D:11     | Reached skill level 12 in Fighting
 10933 | D:11     | Reached skill level 10 in Dodging
 10942 | D:11     | Received a gift from Trog
 11146 | D:11     | Received a gift from Trog
 11172 | D:11     | Gained mutation: You heal slowly when monsters are visible. [potion of mutation]
 11172 | D:11     | Lost mutation: You heal slowly when monsters are visible. [potion of mutation]
 11172 | D:11     | Gained mutation: Your mind is acute. (Int +2) [potion of mutation]
 11173 | D:11     | Gained mutation: You are robust (+10% HP). [potion of mutation]
 11173 | D:11     | Gained mutation: You are agile. (Dex +2) [potion of mutation]
 11173 | D:11     | Gained mutation: Your natural rate of healing is unusually fast. [potion of mutation]
 11560 | D:12     | Reached XP level 12. HP: 96/123 MP: 0/16
 11632 | D:12     | Noticed Maurice
 11643 | D:12     | Killed Maurice
 11643 | D:12     | Received a gift from Trog
 11724 | D:12     | Noticed an eight-headed hydra
 11730 | D:12     | Killed an eight-headed hydra
 11757 | D:12     | Noticed Frances
 11778 | D:12     | Killed Frances
 12111 | D:12     | Killed an unseen horror
 12276 | D:13     | Noticed a five-headed hydra
 12301 | D:13     | Killed a five-headed hydra
 12301 | D:13     | Reached skill level 13 in Fighting
 12358 | D:13     | Found a sacrificial altar of Ru.
 12473 | D:13     | Noticed a centaur warrior
 12487 | D:13     | Killed a centaur warrior
 12669 | D:13     | Noticed a centaur warrior
 12677 | D:13     | Killed a centaur warrior
 12697 | D:13     | Noticed a frost giant
 12704 | D:13     | Killed a frost giant
 12979 | Orc:1    | Entered Level 1 of the Orcish Mines
 13159 | Orc:1    | Received a gift from Trog
 13473 | Orc:2    | Found Jihigo's General Store.
 13475 | Orc:2    | Bought a scroll of fog for 22 gold pieces
 13475 | Orc:2    | Bought a scroll of enchant armour for 82 gold pieces
 13475 | Orc:2    | Bought 2 potions of curing for 66 gold pieces
 13561 | Orc:3    | Received a gift from Trog
 13715 | Orc:3    | Found a staircase to the Elven Halls.
 13769 | Orc:2    | Received a gift from Trog
 14306 | Orc:4    | Entered Level 4 of the Orcish Mines
 14381 | Orc:4    | Reached XP level 13. HP: 127/134 MP: 6/18
 14543 | Orc:3    | Received a gift from Trog
 14866 | Orc:3    | Received a gift from Trog
 15103 | Orc:4    | Found a roughly hewn altar of Beogh.
 15399 | Orc:4    | Found Pystriw's Food Emporium.
 15400 | Orc:4    | Found Nidwij's General Store.
 15712 | Orc:4    | Received a gift from Trog
 15774 | Orc:4    | Reached skill level 14 in Fighting
 16065 | Orc:4    | Found Vuchilyr's Antique Weapon Shop.
 16065 | Orc:4    | Found a one-way gate leading to the halls of Pandemonium.
 16065 | Orc:4    | Found Nyrosodd's Gadget Boutique.
 16087 | Orc:4    | Bought a stone of tremors for 600 gold pieces
 16164 | Orc:4    | Bought a meat ration for 70 gold pieces
 16164 | Orc:4    | Bought a meat ration for 70 gold pieces
 16164 | Orc:4    | Bought a meat ration for 70 gold pieces
 16164 | Orc:4    | Bought a bread ration for 70 gold pieces
 16164 | Orc:4    | Bought a bread ration for 70 gold pieces
 16164 | Orc:4    | Bought a meat ration for 70 gold pieces
 16164 | Orc:4    | Bought a bread ration for 70 gold pieces
 16541 | Elf:1    | Entered Level 1 of the Elven Halls
 16558 | Elf:1    | Found a radiant altar of Vehumet.
 17894 | Elf:2    | Noticed a deep elf sorcerer
 17895 | Elf:2    | Received a gift from Trog
 17902 | Elf:2    | Killed a deep elf sorcerer
 17902 | Elf:2    | Reached XP level 14. HP: 130/146 MP: 6/20
 18265 | Elf:2    | Found a runed gate.
 18265 | Elf:2    | Found a runed gate.
 18266 | Elf:2    | Found a runed gate.
 18337 | Elf:2    | Reached skill level 15 in Fighting
 18486 | Elf:1    | Received a gift from Trog
 18863 | Elf:3    | Entered Level 3 of the Elven Halls
 18986 | D:13     | Noticed a centaur warrior
 18999 | D:13     | Killed a centaur warrior
 19645 | D:13     | Noticed Urug
 19655 | D:13     | Killed Urug
 19822 | D:13     | Found a glowing golden altar of the Shining One.
 20095 | D:14     | Received a gift from Trog
 20264 | D:14     | Found a gate to the Vaults.
 20265 | D:14     | Lost mutation: Your mind is acute. (Int +2) [a shining eye]
 20384 | D:14     | Found Covo Bus's Weapon Shop.
 20753 | D:15     | Entered Level 15 of the Dungeon
 20918 | D:15     | Noticed Louise
 20931 | D:15     | Killed Louise
 21081 | D:15     | Reached XP level 15. HP: 114/157 MP: 7/22
 21081 | D:15     | Reached skill level 10 in Evocations
 21085 | D:15     | Received a gift from Trog
 21250 | D:15     | Noticed Agnes
 21259 | D:15     | Killed Agnes
 21672 | D:15     | Reached skill level 16 in Fighting
 22090 | D:15     | Found a staircase to the Depths.
 22110 | D:15     | Identified 2 scrolls of acquirement
 22266 | Lair:1   | Entered Level 1 of the Lair of Beasts
 23220 | Lair:2   | Noticed Erica
 23228 | Lair:2   | Killed Erica
 23276 | Lair:2   | Noticed Fannar
 23287 | Lair:2   | Killed Fannar
 23415 | Lair:2   | You fall through a shaft!
 23415 | Lair:3   | Noticed Snorg
 23419 | Lair:3   | Killed Snorg
 23492 | Lair:3   | Found a staircase to the Swamp.
 23742 | Lair:3   | Found a staircase to the Snake Pit.
 23818 | Lair:3   | Received a gift from Trog
 23985 | Lair:3   | Found a frozen archway.
 24763 | Lair:4   | Received a gift from Trog
 25687 | Lair:5   | Received a gift from Trog
 26059 | Lair:6   | Found a labyrinth entrance.
 26072 | Lab      | Entered a labyrinth
 26448 | Lab      | Got a fine bone ring
 26595 | Lab      | Identified the ring "Zuihay" {+/*Tele rPois MR+ Int+4 Dex-4} (You took it off a minotaur in a labyrinth)
 26667 | Lair:6   | Found a staircase to the Slime Pits.
 26710 | Lair:6   | Reached skill level 15 in Long Blades
 26748 | Lair:6   | Got a pair of smoking boots
 26754 | Lair:6   | Identified the cursed +0 pair of boots "Lonufia" {Int+8} (You found it on level 6 of the Lair of Beasts)
 27019 | Lair:6   | Received a gift from Trog
 27823 | Lair:7   | Reached XP level 16. HP: 169/169 MP: 8/24
 28355 | Lair:8   | Entered Level 8 of the Lair of Beasts
 28406 | Lair:8   | Reached skill level 17 in Fighting
 28583 | Lair:8   | Received a gift from Trog
 28625 | Lair:8   | Found a deep blue altar of Sif Muna.
 29562 | Swamp:1  | Entered Level 1 of the Swamp
 29564 | Swamp:1  | Noticed Aizul
 29581 | Swamp:1  | Killed Aizul
 29581 | Swamp:1  | Received a gift from Trog
 30605 | Swamp:2  | Gained mutation: You possess an exceptional clarity of mind. [potion of beneficial mutation]
 30606 | Swamp:2  | Gained mutation: You are resistant to electric shocks. [potion of beneficial mutation]
 30788 | Swamp:2  | Received a gift from Trog
 31452 | Swamp:3  | Noticed Nikola
 31468 | Swamp:3  | Killed Nikola
 31468 | Swamp:3  | Reached skill level 15 in Dodging
 31491 | Swamp:3  | Noticed Donald
 31503 | Swamp:3  | Killed Donald
 32081 | Swamp:4  | Entered Level 4 of the Swamp
 32171 | Swamp:4  | Received a gift from Trog
 32530 | Swamp:4  | Reached skill level 18 in Fighting
 32760 | Swamp:4  | Reached XP level 17. HP: 155/179 MP: 8/25
 33447 | Swamp:4  | Got a decaying rune of Zot
 33610 | Snake:1  | Entered Level 1 of the Snake Pit
 33639 | Snake:1  | Received a gift from Trog
 34248 | Snake:1  | Gained mutation: Your flesh is heat resistant. [potion of beneficial mutation]
 34913 | Snake:2  | Found Raerut's Antique Armour Shoppe.
 35824 | Snake:2  | Noticed Vashnia
 35845 | Snake:2  | Killed Vashnia
 36040 | Snake:3  | Received a gift from Trog
 36133 | Snake:3  | HP: 9/182 [black mamba (13)]
 36986 | Snake:4  | Entered Level 4 of the Snake Pit
 36988 | Snake:4  | Found Kooluc's Book Shoppe.
 37164 | Snake:4  | Received a gift from Trog
 38129 | Snake:4  | Received a gift from Trog
 38485 | Snake:4  | Reached skill level 19 in Fighting
 38485 | Snake:4  | Reached XP level 18. HP: 173/193 MP: 9/27
 38523 | Snake:4  | Noticed Norris
 38572 | Snake:4  | Killed Norris
 39688 | Snake:4  | Got a serpentine rune of Zot
 40374 | Slime:1  | Entered Level 1 of the Pits of Slime
 43034 | Slime:5  | Reached XP level 19. HP: 104/202 MP: 9/28
 43243 | Slime:5  | Received a gift from Trog
 43813 | Slime:6  | Entered Level 6 of the Pits of Slime
 43847 | Slime:6  | Reached skill level 20 in Fighting
 44020 | Slime:6  | Noticed the royal jelly
 44049 | Slime:6  | Found a viscous altar of Jiyva.
 44153 | Slime:6  | HP: 8/203 [acid (15)]
 44153 | Slime:6  | Annihilated by an acid blob

Vault maps used:
D:1:      sevenhm_arrival_forest_fort_small_5
D:2:      old_standard_altar
D:3:      corexii_shack_village, first_bread
D:4:      minmay_temple_entry_butterflies, nrook_mini_vaults,
          lemuel_old_faithful
D:5:      lemuel_doored_altar, minmay_misc_feat_four_crosses
D:6:      kennysheep_mini_moat
D:7:      nicolae_overflow_hidden_temple, hangedman_abyss_or_decor_stabs,
          xom_teletrap_fun, uniq_pikel, uniq_joseph, uniq_duvessa,
          uniq_crazy_yiuf_cottage
D:8:      uniq_erolcha
D:9:      lemuel_crystal_altar, gammafunk_temple_overflow_elements,
          hiddenorc2_lemuel, basic_altar, serial_shops, shop_fountains
D:10:     david_lair_shrubbed, serial_shops, nicolae_shop_crystal,
          hangedman_ranch, kennysheep_small_square, uniq_harold
D:11:     centaur_isle
D:12:     uniq_frances, uniq_maurice
D:13:     minmay_connected_boxes_in_corner, kennysheep_flooded_box,
          nicolae_ru_awakened_eye, uniq_urug
D:14:     david_vaults_2, serial_shops, kennysheep_mini,
          kennysheep_small_spiral, minmay_rotating_lava
D:15:     grunt_enter_depths_hoard, minivault_4, minivault_14, uniq_agnes,
          uniq_louise
Lair:1:   grunt_megastairs_2
Lair:2:   uniq_fannar, uniq_erica
Lair:3:   minmay_swamp_entry_swarm, dummy_snake_entry,
          portal_ice_cave_entry_pillars_02, serial_bayou_shore_a, uniq_snorg
Lair:4:   lemuel_ratsnest, beast_lair_carwin_9, lemuel_fruit_fields
Lair:5:   pond
Lair:6:   dpeg_slime_entry_corner, lab_entry_generic, wad_woods_river_01
Lair:8:   hangedman_lair_tendril_chambers, basic_altar, serial_bayou_pond_e,
          zaba_anthole, grunt_forest_stairs_basic
Swamp:1:  hangedman_swamp_ruin_wall, uniq_aizul
Swamp:2:  cheibrodos_swamp_tower_of_moss, serial_swamp_ruin,
          evilmike_swamp_ruin_rubble_2, evilmike_swamp_ruin_rubble_1,
          hangedman_swamp_ruin_hall
Swamp:3:  evilmike_swamp_ruin_house_4, grunt_witch_cave, uniq_nikola,
          uniq_donald
Swamp:4:  swamp_icy, swamp_pool2, nicolae_snake_squiggles
Snake:1:  nicolae_snake_double_loop, grunt_ministairs_4, lemuel_fruit_tree
Snake:2:  serial_shops, nicolae_shop_trees, uniq_vashnia
Snake:4:  snake_pit, serial_shops, shop, uniq_norris
Slime:1:  cheibrodos_slime_lost_civilization_6
Slime:5:  nicolae_slime_jelly_donut, cheibrodos_slime_lost_civilization_5
Orc:2:    serial_shops, shop, nicolae_orc_lava_room
Orc:3:    nicolae_orc_pool_cavern, nicolae_orc_sculptors_studio
Orc:4:    pf_orc_diabolical, basic_altar
Elf:1:    eino_elf_arrival_altar, kennysheep_underground_church, moated_statue
Elf:2:    grunt_ministairs_6
Elf:3:    minmay_elf_hall_quartered_circle, enter_trove_2, grunt_ministairs_12,
          grunt_megastairs_5
Lab:      labyrinth_mini_lab, nicolae_lab_swirl

Action                   |  1- 3 |  4- 6 |  7- 9 | 10-12 | 13-15 | 16-18 | 19-21 || total
-------------------------+-------+-------+-------+-------+-------+-------+-------++-------
Melee: Falchion          |    60 |       |       |       |       |       |       ||    60
       Long sword        |    33 |   289 |   217 |   711 |       |       |       ||  1250
       Great sword       |       |       |       |   316 |  1432 |  1608 |   167 ||  3523
       Triple sword      |       |       |       |    24 |       |       |       ||    24
Invok: Trog's Hand       |     1 |     1 |     2 |     3 |    12 |    32 |     2 ||    53
       Berserk           |     1 |     4 |     9 |     9 |    23 |    18 |     2 ||    66
       Burn Spellbooks   |       |     1 |     1 |       |     5 |     5 |       ||    12
       Brothers in Arms  |       |       |       |     1 |    18 |    10 |     2 ||    31
Evoke: Wand              |       |       |     4 |    52 |    16 |    45 |     1 ||   118
       Lamp of fire      |       |       |       |     1 |     3 |     7 |       ||    11
       Fan of gales      |       |       |       |       |     2 |     5 |     1 ||     8
       Phial of floods   |       |       |       |       |     1 |    10 |     1 ||    12
       Stone of tremors  |       |       |       |       |       |     4 |     1 ||     5
       Sack of spiders   |       |       |       |       |       |     3 |     9 ||    12
  Use: Scroll            |       |     9 |       |     6 |    38 |    16 |     4 ||    73
       Potion            |       |       |       |     2 |     6 |    14 |     5 ||    27
 Stab: Distracted        |       |     1 |       |       |     3 |     4 |       ||     8
       Sleeping          |       |     1 |       |       |     2 |       |       ||     3
       Paralysed         |       |       |       |    22 |     6 |    18 |       ||    46
       Confused          |       |       |       |     1 |       |     3 |       ||     4
       Invisible         |       |       |       |       |     5 |       |       ||     5
  Eat: Chunk             |     1 |    14 |    14 |    30 |    54 |    22 |       ||   135
       Fruit             |       |     1 |     3 |     2 |    20 |     9 |       ||    35
       Royal jelly       |       |       |     1 |     1 |     1 |     1 |       ||     4
       Beef jerky        |       |       |       |     1 |       |       |       ||     1
       Pizza             |       |       |       |     1 |       |    13 |       ||    14
       Meat ration       |       |       |       |       |       |     1 |       ||     1
       Bread ration      |       |       |       |       |       |     5 |     2 ||     7
